 Dungeon Crawl Stone Soup version 0.18.1-48-g4cf74bf (webtiles) character file.

6992 MTVSty1e the Fighter (level 11, -4/72 HPs)
             Began as a Gargoyle Fighter on Aug 22, 2016.
             Was a Priest of Okawaru.
             Killed from afar by Harold (19 damage)
             ... with a bolt of fire
             ... on level 12 of the Dungeon on Aug 23, 2016.
             The game lasted 00:35:16 (8485 turns).

MTVSty1e the Fighter (Gargoyle Fighter)             Turns: 8485, Time: 00:35:16

Health: -4/72      AC: 29    Str: 25    XL:     11   Next: 8%
Magic:  15/15      EV: 10    Int:  9    God:    Okawaru [***...]
Gold:   629        SH: 13    Dex:  9    Spells: 0 memorised, 10 levels left

rFire  . . .     SeeInvis +     a - +1 war axe
rCold  . . .     Gourm    .     j - +1 plate armour
rNeg   + . .     Faith    .     c - +0 shield
rPois  ∞         Spirit   .     (no helmet)
rElec  +         Dismiss  .     d - +2 cloak
rCorr  .         Reflect  .     (no gloves)
SustAt .         Harm     .     t - +0 pair of boots
MR     .....                    K - amulet of regeneration
Stlth  ..........               u - +2 ring of strength
                                p - ring of see invisible

@: heroism, not resistant to hostile enchantments, extremely unstealthy
A: blurry vision 1, high mp 1, negative energy resistance 1, electricity
resistance, unbreathing, petrification resistance, rot immunity, MP-powered
wands, AC +7
a: Heroism, Renounce Religion


You were on level 12 of the Dungeon.
You worshipped Okawaru.
Okawaru was most pleased with you.
You were hungry.

You visited 1 branch of the dungeon, and saw 12 of its levels.
You visited the Abyss 1 time.

You collected 629 gold pieces.

Inventory:

Hand Weapons
 a - a +1 war axe (weapon)
Armour
 b - a +0 scale mail
 c - a +0 shield (worn)
 d - a +2 cloak (worn)
 e - a +2 cloak
 j - a +1 plate armour (worn)
 t - a +0 pair of boots (worn)
Jewellery
 p - a ring of see invisible (left hand)
 u - a +2 ring of strength (right hand)
 K - an amulet of regeneration (around neck)
 M - the ring "Omuaruokh" {MP+9 Int+4 Stlth+}
   (You found it on level 8 of the Dungeon)

   [ring of magical power]

   It affects your intelligence (+4).
   It affects your magic capacity (+9).
   It makes you more stealthy.
Wands
 f - a wand of random effects (36/48)
 k - a wand of paralysis (7/24)
 o - a wand of iceblast (9/15)
 s - a wand of confusion (39/48)
 w - a wand of digging (15/24)
 x - a wand of iceblast (6/15)
 y - a wand of polymorph (12/24)
 E - a wand of random effects (22/48)
 I - a wand of confusion (36/48)
Scrolls
 h - 6 scrolls of remove curse
 i - a scroll of identify
 m - a scroll of enchant weapon
 q - 4 scrolls of teleportation
 z - 2 scrolls of magic mapping
 A - 2 scrolls of recharging
 G - a scroll of enchant armour
Potions
 C - a potion of flight
Books
 g - a Fen Folio

   Spells                             Type                      Level
   a - Corpse Rot                     Necromancy                   2
   b - Stone Arrow                    Conjuration/Earth            3
   c - Leda's Liquefaction            Hexes/Earth                  4
   d - Summon Forest                  Summoning/Translocation      5
   e - Hydra Form                     Transmutation                6
   f - Summon Hydra                   Summoning                    7
Comestibles
 n - 13 fruits
 v - 8 bread rations


   Skills:
 * Level 10.2(15.2) Fighting
 + Level 6.0(11.0) Axes
 + Level 7.8(12.8) Armour
 + Level 5.4(10.4) Dodging
 + Level 7.6(12.6) Shields
 + Level 4.4 Invocations
 + Level 3.5 Evocations


You had 10 spell levels left.
You didn't know any spells.

Dungeon Overview and Level Annotations

Branches:
Dungeon (12/15)            Temple (0/1) D:6            Lair (0/8) D:8
    Orc: D:9-12

Altars:
Cheibriados
Dithmenos
Elyvilon
Fedhas
Gozag
Kikubaaqudgha
Okawaru
Pakellas
Qazlal
Ru
Trog
Vehumet
Xom

Annotations:
D:9 Snorg
D:10 Fannar
D:11 Sonja
D:12 Harold


Innate Abilities, Weirdness & Mutations

You are resistant to torment.
Your stone body is resilient (AC +7).
You are immune to poison.
You resist negative energy.
You are resistant to electric shocks.
You can survive without breathing.
You are immune to petrification.
You are immune to rotting.
Scrolls take you a little longer to read.
You have an increased reservoir of magic (+10% MP).
You expend magic power (3 MP) to strengthen your wands.


Message History

Harold hits you but does no damage.
You closely miss Harold.
Harold is heavily wounded.
You block Harold's attack.
You hit Harold.
Harold is heavily wounded.
You slash Harold!
Harold is severely wounded.
Harold points at you and mumbles some strange words.
The bolt of fire hits you!
You hit Harold.
Harold is severely wounded.
You block Harold's attack.
You hit Harold but do no damage.
Harold is severely wounded.
Harold casts a spell.
Harold blinks!
Harold gestures at you while chanting. The bolt of fire hits you!
You die...

#.................
#........#.#.##.##
#...@....#...##.##
#........#.#......
+........#.#......
#........#......#.
##.........#.##...
####?#.###...#.#
.#. #.†@...♣ ♣♣###
♣ # ######.♣ ♣♣P#
♣P# ♣P. ♣P≈ ♣♣≈


You could see Harold.

Vanquished Creatures
  2 hill giants (D:9)
  Maurice (D:9)
  An ancient zyme (Abyss:1)
  Grinder (D:4)
  2 large abominations (Abyss:1)
  Sigmund (D:4)
  A spriggan (D:7)
  A wyvern (D:9)
  A hippogriff (D:9)
  2 hungry ghosts
  A neqoxec (Abyss:1)
  A water moccasin (D:9)
  2 sky beasts
  2 orc warriors
  A black bear (D:9)
  4 phantoms
  An eye of draining (Abyss:1)
  6 ogres
  4 centaurs
  2 big kobolds
  5 giant frogs
  3 howler monkeys
  4 crimson imps
  A giant frog zombie (D:10)
  5 hounds
  A jelly (D:8)
  4 orc wizards
  A gnoll shaman (D:5)
  5 orc priests
  A centaur skeleton (D:8)
  3 iguanas
  Ijyb (D:4)
  5 worker ants
  A hound skeleton (D:6)
  3 gnolls (D:5)
  7 adders
  6 oozes
  4 adder zombies
  2 adder skeletons
  2 worms
  3 dart slugs
  7 giant geckos
  34 orcs
  3 ball pythons
  11 giant cockroaches
  10 hobgoblins
  12 jackals
  24 kobolds
  4 quokkas
  6 bats
  8 giant newts
  11 goblins
  A quokka zombie (D:7)
  13 rats
248 creatures vanquished.

Vanquished Creatures (others)
  An orc wizard (D:6)
1 creature vanquished.

Grand Total: 249 creatures vanquished

Notes
Turn   | Place    | Note
--------------------------------------------------------------
     0 | D:1      | MTVSty1e the Gargoyle Fighter began the quest for the Orb.
     0 | D:1      | Reached XP level 1. HP: 14/14 MP: 1/1
   170 | D:1      | Reached XP level 2. HP: 19/19 MP: 2/2
   255 | D:1      | Reached skill level 1 in Dodging
   302 | D:1      | Reached XP level 3. HP: 24/24 MP: 3/3
   694 | D:2      | Reached skill level 4 in Fighting
   727 | D:2      | Found a bloodstained altar of Trog.
   799 | D:2      | Reached XP level 4. HP: 22/29 MP: 4/4
  1448 | D:3      | Found a shadowy altar of Dithmenos.
  1470 | D:3      | Found a blossoming altar of Fedhas.
  1578 | D:3      | Found an ancient bone altar of Kikubaaqudgha.
  1592 | D:3      | Reached XP level 5. HP: 34/34 MP: 5/5
  1674 | D:3      | Found an opulent altar of Gozag.
  1778 | D:3      | Found a faded altar to an unknown god.
  1902 | D:4      | Noticed Grinder
  1922 | D:4      | Paralysed by Grinder for 3 turns
  1931 | D:4      | Killed Grinder
  1931 | D:4      | Reached skill level 5 in Fighting
  1931 | D:4      | Reached XP level 6. HP: 10/40 MP: 6/6
  2109 | D:4      | Reached XP level 7. HP: 23/44 MP: 7/7
  2320 | D:4      | Reached skill level 6 in Fighting
  2551 | D:4      | Reached skill level 5 in Armour
  2909 | D:4      | Noticed Sigmund
  2927 | D:4      | Killed Sigmund
  2927 | D:4      | Reached XP level 8. HP: 37/52 MP: 8/8
  2998 | D:4      | Found a radiant altar of Vehumet.
  3201 | D:4      | Reached skill level 5 in Shields
  3517 | D:4      | Noticed Ijyb
  3537 | D:4      | Killed Ijyb
  3640 | D:5      | Entered Level 5 of the Dungeon
  3790 | D:5      | Found an iron altar of Okawaru.
  3818 | D:5      | Became a worshipper of Warmaster Okawaru
  4035 | D:5      | Reached skill level 7 in Fighting
  4146 | D:5      | Found an iron altar of Okawaru.
  4184 | D:5      | Found a stormy altar of Qazlal.
  4606 | D:6      | Found a staircase to the Ecumenical Temple.
  4622 | D:6      | Reached XP level 9. HP: 58/58 MP: 9/9
  4698 | D:6      | Reached * piety under Okawaru
  5141 | D:7      | Reached skill level 8 in Fighting
  5321 | D:7      | Reached skill level 1 in Evocations
  5369 | D:7      | Found a shimmering altar of Xom.
  5602 | D:7      | Reached skill level 1 in Invocations
  5615 | D:7      | Reached ** piety under Okawaru
  5642 | D:7      | Found a sacrificial altar of Ru.
  5681 | D:7      | Reached skill level 5 in Axes
  6080 | D:8      | Got a scorched lead ring
  6115 | D:8      | Identified the ring "Omuaruokh" {MP+9 Int+4 Stlth+} (You found it on level 8 of the Dungeon)
  6157 | D:8      | Found a staircase to the Lair.
  6417 | D:8      | Found a white marble altar of Elyvilon.
  6577 | D:8      | Found a snail-covered altar of Cheibriados.
  6632 | D:9      | Reached XP level 10. HP: 65/65 MP: 11/11
  6656 | D:9      | Reached skill level 9 in Fighting
  6843 | D:9      | Found an oddly glowing altar of Pakellas.
  6859 | D:9      | Reached *** piety under Okawaru
  7075 | D:9      | Noticed Maurice
  7087 | D:9      | Noticed a hill giant
  7102 | D:9      | Killed a hill giant
  7102 | D:9      | Reached skill level 5 in Dodging
  7109 | D:9      | Killed Maurice
  7426 | D:10     | Entered Level 10 of the Dungeon
  7426 | D:10     | Noticed a hill giant
  7444 | D:9      | Killed a hill giant
  7738 | D:10     | Noticed a gargoyle
  7741 | D:10     | Noticed Snorg
  7895 | D:10     | Gained mutation: You expend magic power (3 MP) to strengthen your wands. [mutagenic meat]
  7896 | D:10     | Gained mutation: You have an increased reservoir of magic (+10% MP). [mutagenic meat]
  7897 | D:10     | Gained mutation: You tend to lose your temper in combat. [mutagenic meat]
  7899 | D:10     | Gained mutation: You occasionally shout uncontrollably at your foes. [mutagenic meat]
  7900 | D:10     | Lost mutation: You occasionally shout uncontrollably at your foes. [potion of cure mutation]
  7900 | D:10     | Lost mutation: You tend to lose your temper in combat. [potion of cure mutation]
  7960 | D:10     | Noticed Sonja
  7964 | D:10     | Noticed Fannar
  8002 | D:11     | Cast into level 1 of the Abyss (Sonja)
  8058 | Abyss:1  | Gained mutation: Scrolls take you a little longer to read. [a neqoxec]
  8104 | Abyss:1  | Noticed a worldbinder
  8105 | Abyss:1  | Noticed a lorocyproca
  8129 | Abyss:1  | Noticed a large abomination
  8157 | Abyss:1  | Killed a large abomination
  8157 | Abyss:1  | Reached skill level 10 in Fighting
  8157 | Abyss:1  | Reached XP level 11. HP: 35/72 MP: 4/15
  8401 | D:11     | Escaped the Abyss
  8423 | D:12     | Noticed Harold
  8432 | D:11     | Noticed a six-headed hydra
  8485 | D:12     | Killed from afar by Harold

Skill      XL: |  1  2  3  4  5  6  7  8  9 10 |
---------------+-------------------------------+-----
Dodging        | 1 2 3 4 5 |  5.4
Fighting       | 4 5 6 7 8 10 | 10.2
Axes           | 2 3 4 5 6 |  6.0
Armour         | 4 5 6 7 |  7.8
Shields        | 4 5 6 7 |  7.6
Evocations     | 2 3 |  3.5
Invocations    | 2 4 |  4.4

Action                   |  1- 3 |  4- 6 |  7- 9 | 10-12 || total
-------------------------+-------+-------+-------+-------++-------
Melee: War axe           |   126 |   179 |   568 |   295 ||  1168
Invok: Heroism           |       |       |     2 |    11 ||    13
Evoke: Wand              |       |       |       |     1 ||     1
  Use: Scroll            |     1 |       |    12 |     5 ||    18
       Potion            |       |     4 |       |     8 ||    12
  Eat: Bread ration      |       |     1 |     2 |       ||     3
       Beef jerky        |       |       |     1 |     2 ||     3
       Royal jelly       |       |       |     2 |       ||     2
       Meat ration       |       |       |     1 |     2 ||     3
       Pizza             |       |       |     1 |       ||     1
       Chunk             |       |       |       |     5 ||     5
Armor: Scale mail        |    37 |       |       |       ||    37
       Plate armour      |    66 |   137 |   348 |   218 ||   769
Dodge: Dodged            |    49 |    24 |   132 |    91 ||   296
Block: Shield            |    84 |   116 |   320 |   218 ||   738
